 Dungeon Crawl Stone Soup version 0.19.4-10-g532645f (webtiles) character file.

94 Kosschaser the Shield-Bearer (level 4, 0/29 HPs)
             Began as a Gargoyle Fighter on Feb 24, 2017.
             Slain by a frilled lizard (1 damage)
             ... on level 2 of the Dungeon.
             The game lasted 00:02:41 (1200 turns).

Kosschaser the Shield-Bearer (Gargoyle Fighter)     Turns: 1200, Time: 00:02:42

Health: 0/29       AC: 10    Str: 26    XL:     4   Next: 63%
Magic:  4/4        EV:  8    Int:  8    God:
Gold:   102        SH: 10    Dex:  9    Spells: 0 memorised, 3 levels left

rFire  . . .     SeeInvis .     a - +0 flail
rCold  . . .     Gourm    .     b - +0 scale mail
rNeg   + . .     Faith    .     c - +0 shield
rPois  ∞         Spirit   .     (no helmet)
rElec  +         Reflect  .     (no cloak)
rCorr  .         Harm     .     (no gloves)
MR     .....                    (no boots)
Stlth  ..........               j - amulet of rage
                                (no ring)
                                (no ring)

@: mighty, exhausted, slowed, very slow
A: negative energy resistance 1, electricity resistance, unbreathing,
petrification resistance, rot immunity, AC +3
a: Evoke Berserk Rage


You were on level 2 of the Dungeon.
You were very hungry.

You visited 1 branch of the dungeon, and saw 2 of its levels.

You collected 102 gold pieces.

Inventory:

Hand Weapons
 a - a +0 flail (weapon)
Armour
 b - a +0 scale mail (worn)
 c - a +0 shield (worn)
Jewellery
 j - an amulet of rage (around neck)
Scrolls
 e - 4 scrolls of identify {unknown}
 g - a scroll of amnesia {unknown}
 i - a scroll of teleportation {unknown}
 m - a scroll of magic mapping {unknown}
 n - 2 scrolls of remove curse {unknown}
 o - 2 scrolls of enchant weapon {unknown}
Potions
 d - a potion of might
 h - a potion of agility {unknown}
 k - a potion of flight {unknown}
 l - a potion of haste {unknown}
Comestibles
 f - a bread ration


   Skills:
 + Level 3.7 Fighting
 + Level 2.9 Maces & Flails
 + Level 3.9 Armour
 + Level 0.5 Dodging
 + Level 4.2 Shields


You had 3 spell levels left.
You didn't know any spells.

Dungeon Overview and Level Annotations

Branches:
Dungeon (2/15)

Altars:
Trog


Innate Abilities, Weirdness & Mutations

You are resistant to torment.
Your stone body is resilient. (AC +3)
You are immune to poison.
You resist negative energy. (rN+)
You are resistant to electric shocks. (rElec)
You can survive without breathing.
You are immune to petrification.
You are immune to rotting.


Message History

You kill Robin!
The goblin completely misses you. The hobgoblin closely misses you.
The goblin closely misses you. You block the goblin's attack. x2
You closely miss the hobgoblin. You block the goblin's attack.
You block the hobgoblin's attack. The goblin closely misses you.
The goblin hits you with a dagger.
* * * LOW HITPOINT WARNING * * *
The goblin hits you.
* * * LOW HITPOINT WARNING * * *
The hobgoblin hits you but does no damage.
You block the goblin's attack. The goblin closely misses you.
You sock the hobgoblin!
You kill the hobgoblin!
You block the goblin's attack. x2; The goblin hits you but does no damage.
The frilled lizard closely misses you. The goblin hits you but does no damage.
You block the goblin's attack. The goblin barely misses you.
You bludgeon the goblin!!
You kill the goblin!
The frilled lizard bites you.
You die...

#.###.#.#....#........##.#
#.##..#..#..#..........#..
##.†..#.....##...........#
#####..................##+##..
......##.......#.#....##
###...................#
#.####..##+####.#...# #.#
#..##.8.##gg.#..#
#.##..##...##l@#..gg#
#.#.(##.(.##.†###....#
#...##...##..## ##.g..
#..++.8†''...# g..
##..##...##..# .g
##..##...##..# g
##..##...##..# ##..##.8.##..#
##..##'####.#


You could see 2 goblins and a frilled lizard.

Vanquished Creatures
  Robin (D:2)
  3 adders (D:2)
  3 worms (D:2)
  2 leopard geckos
  2 giant cockroaches
  9 goblins (D:2)
  7 hobgoblins
  2 jackals (D:1)
  A ball python (D:2)
  3 bats (D:1)
  6 kobolds
  4 rats (D:1)
43 creatures vanquished.

Notes
Turn   | Place    | Note
-------+----------+-------------------------------------------
     0 | D:1      | Kosschaser the Gargoyle Fighter began the quest for the Orb.
     0 | D:1      | Reached XP level 1. HP: 14/14 MP: 1/1
   204 | D:1      | Reached XP level 2. HP: 19/19 MP: 2/2
   640 | D:2      | Reached XP level 3. HP: 8/23 MP: 3/3
  1006 | D:2      | Reached skill level 4 in Shields
  1048 | D:2      | Found a bloodstained altar of Trog.
  1119 | D:2      | Reached XP level 4. HP: 26/28 MP: 4/4
  1166 | D:2      | Noticed Robin
  1197 | D:2      | Killed Robin
  1198 | D:2      | HP: 1/29 [goblin[Robin] (2)]
  1200 | D:2      | Slain by a frilled lizard

Skill      XL: |  1  2  3 |
---------------+----------+-----
Shields        | 4 |  4.2
Fighting       | |  3.7
Maces & Flails | |  2.9
Armour         | |  3.9
Dodging        | |  0.5

Action                   |  1- 3 |  4- 6 || total
-------------------------+-------+-------++-------
Melee: Flail             |   135 |    35 ||   170
 Abil: Evoke Berserk Rag |       |     1 ||     1
  Use: Potion            |       |     1 ||     1
  Eat: Chunk             |     1 |       ||     1
Armor: Scale mail        |    91 |    36 ||   127
Dodge: Dodged            |    43 |    33 ||    76
Block: Shield            |    76 |    38 ||   114
